AoeStats
← Rms

Arena

508096005Analyzed
4v4 RM · 11d ago on Sep 20, 2026· 34m 32s· 8 players
Game mode
Random Map
Map size
Large (8 player)
Population
200
Speed
Normal
Resources
Standard
Victory
Conquest
Starting age
Dark Age
Ending age
Imperial Age
RankedLock teamsTeams togetherTeam positionsShared explorationLock speedFull tech treeHidden civsTurbo modeCheats
Victory
Defeat
🇨🇦 Japanese · Canada
1204
+9
🇵🇱 Turks · Poland
1161
+10
🇯🇵 Spanish · Japan
1155
+10
🇺🇸 Huns · United States
1117
+11
🇧🇷 Persians · Brazil
1039
-11
🇪🇸 Gurjaras · Spain
1031
-10
🇦🇷 Celts · Argentina
1018
-10
🇧🇷 Bohemians · Brazil
1006
-9
Zizzle4879
11:48 Feudal Age
11:00 Loom
12:10 Horse Collar
16:32 Castle Age
14:47 Double-Bit Axe
15:23 Stone Mining
18:14 Husbandry
19:44 Marauders
20:17 Forging
21:34 Gold Mining
23:16 Scale Barding Armor
26:07 Chain Barding Armor
30:25 Town Watch
31:43 Iron Casting
31:02 Fletching
36:21 Imperial Age
34:01 Heavy Plow
34:27 Ballistics
34:16 Thumb Ring
sfam1144141
12:00 Feudal Age
12:46 Double-Bit Axe
15:43 Castle Age
13:28 Horse Collar
14:27 Loom
15:01 Scale Mail Armor
15:47 Forging
16:44 Bow Saw
24:22 Chain Mail Armor
27:02 Iron Casting
30:29 Gold Mining
SpartaninPL
0:44 Loom
10:06 Feudal Age
10:50 Double-Bit Axe
15:45 Castle Age
14:15 Horse Collar
22:47 Heavy Plow
24:24 Bow Saw
25:09 Wheelbarrow
25:01 Gold Mining
25:32 Fletching
27:03 Ballistics
27:18 Hand Cart
28:05 Fortified Wall
32:38 Imperial Age
30:34 Stone Mining
30:45 Town Watch
ababa
10:26 Feudal Age
14:05 Castle Age
12:48 Double-Bit Axe
12:46 Horse Collar
18:10 Loom
21:03 Bow Saw
21:35 Gold Mining
25:42 Wheelbarrow
27:49 Hand Cart
28:52 Heavy Plow
30:10 Stone Mining
35:50 Imperial Age
34:50 Stone Shaft Mining
34:23 Padded Archer Armor
34:13 Fletching
Caballo Loco
5:18 Loom
11:30 Feudal Age
12:55 Wheelbarrow
12:09 Double-Bit Axe
17:48 Castle Age
16:36 Horse Collar
17:06 Gold Mining
19:18 Bow Saw
19:28 Husbandry
19:41 Bloodlines
19:41 Heavy Plow
20:29 Bloodlines
22:37 Fletching
23:42 Stone Mining
26:32 Gold Shaft Mining
28:57 Stone Shaft Mining
30:36 Bodkin Arrow
30:49 Scale Barding Armor
31:36 Hand Cart
31:13 Town Watch
32:06 Town Patrol
32:48 Forging
32:59 Chain Barding Armor
32:40 Padded Archer Armor
36:42 Imperial Age
34:23 Kshatriyas
35:21 Iron Casting
Rms
10:05 Feudal Age
10:41 Loom
17:54 Castle Age
17:28 Wheelbarrow
16:40 Loom
16:57 Double-Bit Axe
21:02 Chemistry
20:34 Bow Saw
20:14 Pikeman
25:12 Fletching
Zee
11:00 Feudal Age
14:42 Castle Age
12:39 Double-Bit Axe
13:13 Horse Collar
15:30 Bow Saw
16:00 Wheelbarrow
17:12 Heavy Plow
19:17 Gold Mining
19:53 Loom
20:53 Stone Mining
23:28 Stone Shaft Mining
23:35 Gold Shaft Mining
23:53 Town Watch
27:00 Husbandry
27:11 Bloodlines
30:32 Imperial Age
28:21 Scale Barding Armor
28:26 Forging
29:00 Hand Cart
29:50 Chain Barding Armor
30:23 Cavalier
31:50 Iron Casting
LeandroPaul79
0:35 Loom
10:11 Feudal Age
10:58 Double-Bit Axe
10:55 Horse Collar
17:12 Castle Age
15:31 Gold Mining
16:56 Wheelbarrow
18:17 Bow Saw
18:11 Heavy Plow
19:02 Gold Shaft Mining
26:42 Imperial Age
25:37 Masonry
26:28 Fletching
26:39 Padded Archer Armor
27:32 Hand Cart
27:45 Stone Mining
28:08 Town Watch
29:45 Stone Shaft Mining
29:32 Capped Ram
31:55 Siege Ram
32:40 Stronghold
34:22 Furor Celtica
35:00 Leather Archer Armor
34:40 Bodkin Arrow
Connection lost

Rejoining the realm…

Still unreachable

The connection could not be restored.

Session expired

The server has moved on; the page needs a fresh start.